 Dungeon Crawl Stone Soup version 0.27.1-1-g398f81649c (webtiles) character file.

Game seed: 12080951945515657329

182 nxtlvl the Poker (level 5, -2/67 HPs)
             Began as a Minotaur Abyssal Knight on Sept 14, 2021.
             Was a Believer of Lugonu.
             Slain by a wraith (8 damage)
             ... on level 4 of the Dungeon.
             The game lasted 00:09:51 (1093 turns).

nxtlvl the Poker (Minotaur Abyssal Knight)          Turns: 1093, Time: 00:09:52

Health: -2/67      AC:  8    Str: 18    XL:     5   Next: 34%
Magic:  5/5        EV: 11    Int:  9    God:    Lugonu [**....]
Gold:   70         SH:  0    Dex:  9    Spells: 4/4 levels left

rFire    . . .     SeeInvis .   a - +1 spear
rCold    . . .     Faith    .   (no shield)
rNeg     . . .     Spirit   .   c - +0 chain mail
rPois    .         Reflect  .   (helmet restricted)
rElec    .         Harm     .   (no cloak)
rCorr    .         Rampage  .   (no gloves)
Will     .....                  (no boots)
Stlth    ..........             (no amulet)
HPRegen  0.21/turn              k - +4 ring of evasion
MPRegen  0.09/turn              (no ring)

@: berserking, very slightly contaminated, slowed, invisible
A: horns 2, retaliatory headbutt
a: Renounce Religion, Depart the Abyss, Bend Space


You were on level 4 of the Dungeon.
You worshipped Lugonu.
Lugonu was pleased with you.
You visited 1 branch of the dungeon, and saw 5 of its levels.
You visited the Abyss 1 time.

You collected 126 gold pieces.
You spent 56 gold pieces at shops.

Inventory:

Hand Weapons
 a - a +1 spear (weapon)
Missiles
 b - 5 poisoned darts
 d - a throwing net
 h - 5 curare-tipped darts (quivered)
 j - 33 arrows
Armour
 c - a +0 chain mail (worn)
Jewellery
 k - a +4 ring of evasion (left hand)
Scrolls
 f - a scroll of acquirement {unknown}
 i - a scroll of fear {unknown}
 l - a scroll of teleportation {unknown}
 m - a scroll of identify
 o - a scroll of noise {unknown}
 p - a scroll of enchant weapon {unknown}
 q - a scroll of torment {unknown}
Potions
 e - a potion of brilliance
 g - a potion of invisibility


   Skills:
 - Level 3.6 Fighting
 * Level 6.8 Polearms
 - Level 2.4 Armour
 - Level 1.1 Dodging
 - Level 1.7 Invocations


You had 4 spell levels left.
You didn't know any spells.
Your spell library was empty.

Dungeon Overview and Level Annotations

Branches:
Dungeon (5/15)
 Temple: D:4-7

Altars:
Makhleb

Shops:
D:3 *   D:4 (?(

Annotations:
D:5 Ijyb


Innate Abilities, Weirdness & Mutations

You have a pair of horns on your head.
You reflexively headbutt those who attack you in melee.


Message History

You puncture the wraith!
The wraith is moderately damaged.
The wraith hits you.
You hit the wraith but do no damage.
The wraith is moderately damaged.
You hit the wraith but do no damage. Your headbutt misses the wraith.
The wraith is moderately damaged.
The wraith hits you. The wraith drains your vigour!
You feel yourself slow down.
You hit the wraith but do no damage.
The wraith is moderately damaged.
The wraith hits you! The wraith drains your vigour!
You feel as though you will be slow longer.
You hit the wraith but do no damage. You headbutt the wraith.
The wraith is heavily damaged.
The wraith hits you but does no damage. The wraith hits you.
The wraith drains your vigour!
You feel as though you will be slow longer.
It was a potion of invisibility.
You fade into invisibility!
The wraith hits you!
* * * LOW HITPOINT WARNING * * *
You are very lightly contaminated with residual magic.
Press: ? - help, v - describe, . - travel
Here: a wraith (heavily damaged)
The floor.
It was a potion of berserk rage.
A red film seems to cover your vision as you go berserk!
You feel yourself moving faster!
You feel mighty! The wraith barely misses you.
The wraith hits you but does no damage.
You closely miss the wraith.
The wraith is heavily damaged.
You completely miss the wraith. You headbutt the wraith!
The wraith is severely damaged.
The wraith hits you.
* * * LOW HITPOINT WARNING * * *
You barely miss the wraith.
The wraith is severely damaged.
The wraith hits you!
You die...

###
.###...###....#####.....#.
###[..#......).)).....#..#.
###
###...###....#####..#..#.
#..
..##.##...####.[....#..#
#.# ..#.#..###...#........#
#.# .#
#.###.##.#####.###.#.## ..#
.# # ..#..#..# #.......#
#.##.# .# #.#.##.[#
#####.### ..##.##.#
#.#.#W@[# #...#
........###...##.## ###.#
...#......##.###.# ...
.....####.##.###.### ##..
.....####.##.#.....# ..
.....#.....#.###.#.## .
..........##.###....####
..#..#.##.#...##.......####
.##..............#..###...#


You could see a wraith.

Vanquished Creatures
  A howler monkey (D:4)
  A hound (D:4)
  A centaur skeleton (D:4)
  An iguana (D:4)
  3 gnolls (D:4)
  An adder (D:2)
  An ufetubus (D:4)
  A dart slug (D:2)
  2 giant cockroaches (D:3)
  2 goblins
  A hobgoblin (D:4)
  3 jackals (D:2)
  A kobold (D:3)
  A quokka (D:4)
  2 bats (D:3)
  A rat (D:1)
23 creatures vanquished.

Notes
Turn   | Place    | Note
-------+----------+-------------------------------------------
     0 | Abyss:1  | nxtlvl the Minotaur Abyssal Knight began the quest for the
                  | Orb.
     0 | Abyss:1  | Reached XP level 1. HP: 19/19 MP: 1/1
    31 | D:1      | Escaped the Abyss
   147 | D:2      | Reached skill level 3 in Polearms
   332 | D:2      | Reached XP level 2. HP: 23/26 MP: 2/2
   355 | D:2      | Reached skill level 4 in Polearms
   416 | D:4      | Noticed a howler monkey
   423 | D:4      | Reached XP level 3. HP: 4/31 MP: 3/3
   426 | D:4      | Reached skill level 5 in Polearms
   429 | D:4      | Reached XP level 4. HP: 3/39 MP: 4/4
   438 | D:4      | Found a burning altar of Makhleb.
   477 | D:4      | Found Sagg's Weapon Boutique.
   486 | D:4      | Bought 6 curare-tipped darts for 36 gold pieces
   527 | D:4      | Reached ** piety under Lugonu
   528 | D:4      | Reached skill level 6 in Polearms
   597 | D:4      | Noticed an ogre
   629 | D:5      | Entered Level 5 of the Dungeon
   635 | D:5      | Noticed a wraith
   636 | D:5      | Noticed Ijyb
   637 | D:5      | Noticed a water moccasin
   638 | D:5      | Noticed a scorpion
   640 | D:4      | Found Boblunic's Magic Scroll Shoppe.
   650 | D:4      | Reached XP level 5. HP: 9/45 MP: 5/5
   652 | D:4      | Bought a scroll of identify for 20 gold pieces
   674 | D:3      | Found Izoikk's Assorted Antiques.
   762 | D:4      | Found Tottuph's Weapon Shop.
  1077 | D:5      | Noticed a shadow
  1093 | D:4      | Slain by a wraith

Illustrated notes

Levels and vault maps discovered:
D:1:      lightli_arrival_farm, layout_basic,
          hellmonk_ecumenical_altar_defaced_shrine
D:2:      layout_basic
D:3:      layout_loops_cross, serial_shops, nicolae_diamond_shop, fountainhead
D:4:      minmay_general_purpose_star, layout_loops_cross,
          mainiacjoe_overflow_alcove_4, minmay_temple_entry_junction,
          serial_shops, nicolae_inconvenience_store, nicolae_shop_statue_plus,
          nicolae_stop_n_shop_2, nicolae_lakefront_shop,
          nicolae_shop_firing_range
D:5:      layout_layer_cave, ebering_ghost_sewer_d, minmay_manual_mandibuliform,
          uniq_ijyb, uniq_blork_the_orc, uniq_prince_ribbit1

Skill      XL: |  1  2  3  4 |
---------------+-------------+-----
Polearms       | 3 4 5 6 |  6.8
Fighting       | |  3.6
Armour         | |  2.4
Dodging        | |  1.1
Invocations    | |  1.7

Action                   |  1- 3 |  4- 6 || total
-------------------------+-------+-------++-------
Melee: Spear             |    39 |    48 ||    87
       Headbutt          |     5 |     7 ||    12
Throw: Dart              |       |     2 ||     2
  Use: Potion            |       |     2 ||     2
       Scroll            |       |     1 ||     1
Armor: Ring mail         |    11 |     7 ||    18
       Chain mail        |       |     2 ||     2
Dodge: Dodged            |    22 |    17 ||    39
